 Dungeon Crawl Stone Soup version 0.30.0-20-g3b4254fcbd (webtiles) character file.

Game seed: 15930899614680548660

1038 DildoBatman the Conjurer (level 8, -5/57 (60) HPs)
             Began as a Formicid Conjurer on June 2, 2023.
             Was an Initiate of Kikubaaqudgha.
             Slain by a wight
             ... wielding a +0 war axe
              (12 damage)
             ... on level 6 of the Dungeon.
             The game lasted 00:15:12 (4382 turns).

DildoBatman the Conjurer (Formicid Conjurer)        Turns: 4382, Time: 00:15:12

HP:   -5/57 (60)    AC:  3    Str: 12    XL:     8   Next: 48%
MP:   1/14          EV: 17    Int: 20    God:    Kikubaaqudgha [......]
Gold: 201           SH:  0    Dex: 12    Spells: 13/16 levels left

rFire   . . .        a - +7 Throatcutter {drain, coup de grace}
rCold   . . .        (no shield)
rNeg    . . .        w - +0 robe
rPois   .            (helmet unavailable)
rElec   .            (no cloak)
rCorr   .            (no gloves)
SInv    +            q - +0 pair of boots
Will    +....        (no amulet)
Stlth   ++           e - ring of willpower
HPRegen 0.29/turn    A - +5 ring of evasion
MPRegen 0.14/turn

%: no passive effects
@: drained
A: permanent stasis, dig shafts and tunnels, antennae 3, four strong arms
a: Dig, Shaft Self, Renounce Religion


You were on level 6 of the Dungeon.
You worshipped Kikubaaqudgha.
Kikubaaqudgha was noncommittal.
You visited 1 branch of the dungeon, and saw 6 of its levels.

You collected 201 gold pieces.

Inventory:

Hand Weapons
 a - the +7 Throatcutter (weapon) {drain, coup de grace}
   (You found it on level 3 of the Dungeon)
 c - a +0 sling
Missiles
 j - 28 stones
 p - 5 javelins
 u - 2 poisoned darts
Armour
 q - a +0 pair of boots (worn)
 w - a +0 robe (worn)
Magical Staves
 b - a staff of conjuration
 m - a staff of earth
Jewellery
 e - a ring of willpower (left hand)
 A - a +5 ring of evasion (right hand)
Wands
 t - a wand of roots (11)
Scrolls
 d - a scroll of brand weapon
 h - 2 scrolls of immolation
 i - 2 scrolls of poison
 n - a scroll of enchant weapon
 o - a scroll of enchant armour
 y - a scroll of fear
 z - 7 scrolls of identify
Potions
 f - a potion of lignification {unknown}
 g - a potion of flight {unknown}
 k - 4 potions of curing {unknown}
 l - 2 potions of degeneration {unknown}
 r - 2 potions of attraction {unknown}
 s - a potion of might {unknown}
 v - a potion of mutation {unknown}
 x - 2 potions of ambrosia {unknown}
 B - a potion of magic
 C - 2 potions of brilliance {unknown}


   Skills:
 * Level 4.1 Fighting
 * Level 3.1 Long Blades
 * Level 4.1 Armour
 - Level 3.0 Dodging
 - Level 3.0 Stealth
 * Level 4.5 Spellcasting
 * Level 5.2 Conjurations


You had 13 spell levels left.
You knew the following spells:

 Your Spells              Type           Power      Damage    Failure   Level
a - Searing Ray           Conj           50%        2d6       2%          2
c - Magic Dart            Conj           100%       1d8       1%          1

Your spell library contained the following spells:

 Spells                   Type           Power      Damage    Failure   Level
 Sting                    Tmut/Pois      16%        1d3       12%         1
 Dazzling Flash           Conj/Hex       30%        N/A       12%         3
 Ensorcelled Hibernation  Hex/Ice        8%         N/A       19%         2
 Passwall                 Tmut/Erth      3%         N/A       19%         2
 Poisonous Vapours        Pois/Air       8%         N/A       19%         2
 Inner Flame              Hex/Fire       4%         N/A       36%         3
 Iskenderun's Battlesphe  Conj           25%        2d8       36%         5
 Fulminant Prism          Conj/Hex       7%         3d6       38%         4
 Iskenderun's Mystic Bla  Conj/Tloc      15%        2d5       38%         4
 Fireball                 Conj/Fire      7%         3d5       75%         5
 Animate Dead             Necr           4%         N/A       77%         4
 Olgreb's Toxic Radiance  Pois           4%         N/A       77%         4
 Yara's Violent Unravell  Hex/Tmut       2%         3d3       98%         5
 Conjure Ball Lightning   Conj/Air       7%         3x3d6     99%         6
 Enfeeble                 Hex            2%         N/A       100%        7
 Haunt                    Necr/Summ      2%         N/A       100%        7
 Orb of Destruction       Conj           12%        9d7       100%        7
 Infestation              Necr           2%         N/A       100%        8
 Swiftness                Air            Unusable   N/A       N/A         3

Dungeon Overview and Level Annotations

Branches:
Dungeon (6/15)
 Temple: D:4-7

Altars:
Fedhas
Kikubaaqudgha
Xom
The Shining One

Annotations:
D:3 1 runed translucent door, 1 exclusion, Grinder; Jessica; engelados's ghost, amateur BaCj
D:4 exclusion: adder


Innate Abilities, Weirdness & Mutations

You cannot be hasted, slowed, berserked, paralysed or teleported.
You can dig through walls and to a lower floor.
You have a pair of large antennae on your head. (SInv)
Your four strong arms can wield two-handed weapons with a shield.


Message History

The killer bee zombie is almost destroyed.
The searing ray hits the wight!
You destroy the wight!
Kikubaaqudgha accepts your kill.
You finish channelling your searing ray.
The wight barely misses you.
Your life force feels restored.
Your Fighting skill increases to level 4!
Your Long Blades skill increases to level 3!
Casting: Searing Ray (safe; 2% risk of failure)
Confirm with . or Enter, or press ? or * to list all spells.
Aiming: Searing Ray (safe; 2% risk of failure)
Press: ? - help, Shift-Dir - straight line, f/p - wight
Aim: a wight, wielding a +0 war axe and wearing a +0 robe (severely damaged, 79% to hit)
The searing ray hits the wight but does no damage.
The wight is severely damaged.
The searing ray hits the killer bee zombie.
You destroy the killer bee zombie!
Kikubaaqudgha accepts your kill. (Press . to maintain the ray.)
The wight hits you with a +0 war axe.
You feel drained.
The searing ray hits the wight.
The wight is severely damaged.
The wight barely misses you.
The searing ray hits the wight but does no damage.
The wight is severely damaged.
The wight hits you with a +0 war axe!
The searing ray misses the wight.
You finish channelling your searing ray.
The wight hits you with a +0 war axe!
You feel drained.
You hit the wight.
The wight is almost destroyed.
The wight hits you with a +0 war axe!
You hit the wight but do no damage.
The wight is almost destroyed.
The wight hits you with a +0 war axe!
You die...
Kikubaaqudgha rasps: "You have failed me!
Welcome... death!"

#..####..####...###..#
#..####..####...###..##
#..........#...........
#..........#...........
#..........#...........
######..........#...{.......
....##....##'######'########
$...##'#####...<##...##...##
....##....##)...@#.........#
......>...#..#8#z#8#.....).#
....##....#..###†###.......#
....##....#..# #.# #.##...##
....##########.')'.#.##...##
....##....######.###..#....#
.............#.'.'.#..#....#
>...##.......###.###. #....#
....##.......#.'.'_# #....#
{


You could see a wight.

Vanquished Creatures
  A wyvern (D:5)
  An ice beast (D:6)
  A phantom (D:4)
  2 scorpions (D:4)
  2 necrophages (D:6)
  A wight (D:6)
  A howler monkey (D:5)
  A centaur zombie (D:6)
  A human zombie (D:6)
  A hound (D:3)
  An orc priest (D:3)
  An iguana (D:4)
  A sleepcap (D:6)
  2 killer bee zombies (D:6)
  A mummy (D:6)
  5 adders
  3 worms
  3 dart slugs
  5 orcs
  9 endoplasms
  3 giant cockroaches
  7 goblins
  15 hobgoblins
  10 jackals
  6 kobolds
  4 quokkas
  12 ball pythons
  4 bats
  4 frilled lizards
  6 rats
114 creatures vanquished.

Notes
Turn   | Place    | Note
-------+----------+-------------------------------------------
     0 | D:1      | DildoBatman the Formicid Conjurer began the quest for the
                  | Orb.
     0 | D:1      | Reached XP level 1. HP: 13/13 MP: 3/3
   144 | D:1      | Reached XP level 2. HP: 20/20 MP: 1/5
   147 | D:1      | Learned a level 2 spell: Searing Ray
   304 | D:1      | Found a faded altar of an unknown god.
   521 | D:1      | Reached XP level 3. HP: 25/25 MP: 1/6
   588 | D:1      | Reached skill level 1 in Fighting
  1154 | D:2      | Reached skill level 1 in Armour
  1181 | D:2      | Reached XP level 4. HP: 32/32 MP: 1/7
  1901 | D:3      | Found a shimmering altar of Xom.
  1954 | D:3      | Found a glowing golden altar of the Shining One.
  1996 | D:3      | Reached skill level 4 in Conjurations
  2015 | D:3      | Reached XP level 5. HP: 38/38 MP: 2/9
  2096 | D:3      | Noticed Grinder
  2210 | D:3      | Found the +7 Throatcutter {drain, coup de grace}
  2328 | D:3      | Noticed Jessica
  2341 | D:3      | Found a runed translucent door.
  2349 | D:3      | Noticed engelados's ghost (amateur BaCj)
  2672 | D:4      | Reached XP level 6. HP: 44/44 MP: 5/10
  2905 | D:4      | Reached skill level 1 in Long Blades
  2971 | D:4      | Found a blossoming altar of Fedhas.
  3088 | D:4      | Reached XP level 7. HP: 51/51 MP: 12/12
  3218 | D:5      | Entered Level 5 of the Dungeon
  3661 | D:5      | Noticed a wyvern
  3675 | D:5      | Killed a wyvern
  4160 | D:6      | Reached XP level 8. HP: 33/58 MP: 5/14
  4333 | D:6      | Reached skill level 5 in Conjurations
  4341 | D:6      | Found an ancient bone altar of Kikubaaqudgha.
  4357 | D:6      | Became a worshipper of Kikubaaqudgha
  4382 | D:6      | Slain by a wight

Illustrated notes

Levels and vault maps discovered:
D:1:      minmay_arrival_plants_in_alcoves, layout_loops_ring,
          hellmonk_ecumenical_altar_blasted
D:2:      layout_basic, serial_glass, glass_columns_c, glass_columns_a,
          glass_columns_b, glass_columns_a, glass_columns_a, glass_columns_a
D:3:      cheibrodos_greedy_goblins, layout_rooms, tso_metal_star, tgw_xom,
          ebering_ghost_sewer_d, minmay_misc_feat_nine_boxes,
          minmay_starry_boxes, uniq_grinder, uniq_jessica
D:4:      layout_rooms, mainiacjoe_overflow_small_starburst, minmay_distorted
D:5:      layout_gridville
D:6:      layout_gridville, lemuel_mausoleum_altar_kikubaaqudgha,
          uniq_blork_the_orc

Skill      XL: |  1  2  3  4  5  6  7  8 |
---------------+-------------------------+-----
Dodging        | 2 3 |  3.0
Fighting       | 1 2 3 4 |  4.1
Stealth        | 3 |  3.0
Armour         | 1 2 3 4 |  4.1
Conjurations   | 4 5 |  5.2
Spellcasting   | 3 4 |  4.5
Long Blades    | 1 2 3 |  3.1

Action                     |  1- 3 |  4- 6 |  7- 9 || total
---------------------------+-------+-------+-------++-------
  Melee: Unarmed           |    18 |       |       ||    18
         Short sword       |    13 |    33 |       ||    46
         Long sword        |       |    35 |    41 ||    76
   Cast: Magic Dart        |    33 |    15 |     7 ||    55
         Searing Ray       |    11 |    17 |    11 ||    39
    Use: Scroll            |       |     7 |       ||     7
   Stab: Sleeping          |     1 |     3 |       ||     4
 Armour: Robe              |     5 |     8 |    13 ||    26
  Dodge: Dodged            |    29 |    49 |    53 ||   131
